 Dungeon Crawl Stone Soup version 0.16-a0-269-gd5b6136 (webtiles) character file.

45 Kashira the Shooter (level 3, 0/28 HPs)
             Began as a Centaur Hunter on Aug 26, 2014.
             Succumbed to a kobold's poison
             ... on Level 3 of the Dungeon.
             The game lasted 00:26:15 (1783 turns).

Kashira the Shooter (Centaur Hunter)                Turns: 1783, Time: 00:26:15

HP   0/28        AC  5     Str 14      XL: 3   Next: 42%
MP   3/3         EV  9     Int 12      God:
Gold 50          SH  0     Dex 10      Spells:  0 memorised,  2 levels left

rFire  . . .     SeeInvis .     b - +1 shortbow
rCold  . . .     Clarity  .     d - +0 leather armour
rNeg   . . .     rCorr    .     (no shield)
rPois  .         rRot     .     (no helmet)
rElec  .         Spirit   .     (no cloak)
SustAb .         Warding  .     (no gloves)
rMut   .         Stasis   .     (no barding)
Gourm  .                        (no amulet)
MR     +....                    (no ring)
                                z - ring of protection from magic

@: lethally poisoned, very quick, somewhat resistant to hostile enchantments,
very unstealthy
A: hooves 3, blurry vision 1, clever 1, deformed body, speed 2, shaggy fur 1,
tough skin 3
a: no special abilities


You were on level 3 of the Dungeon.
You were very full.

You visited 1 branch of the dungeon, and saw 3 of its levels.

You collected 50 gold pieces.

Inventory:

Hand weapons
 a - a +0 short sword
 b - a +1 shortbow (weapon)
 g - a +0 short sword
 n - a +0 dagger
 s - a +0 dagger
 u - a cursed -3 dagger
 v - a +0 hunting sling
 y - a +2 dagger of speed
 A - a +0 whip
 B - a +0 trident
 D - a +0 dagger
Missiles
 c - 4 arrows (quivered)
 j - 18 poisoned needles
 m - 39 stones
 F - 20 sling bullets
Armour
 d - a +0 leather armour (worn)
 q - a +0 large shield
 x - a +0 robe
 C - a +0 robe
 E - a +0 leather armour
Comestibles
 f - 2 bread rations
 r - a meat ration
Scrolls
 e - 2 scrolls of teleportation
 h - 5 scrolls of remove curse
 i - 2 scrolls of random uselessness
 k - a scroll of identify
 o - a scroll of fear
 p - 2 scrolls of immolation
Jewellery
 z - a ring of protection from magic (left hand)
Potions
 t - a potion of might


   Skills:
 + Level 1.0 Fighting
 + Level 6.7 Bows
 + Level 0.2 Armour
 + Level 1.5 Dodging
 + Level 0.6 Stealth


You had 2 spell levels left.
You didn't know any spells.

Dungeon Overview and Level Annotations

Branches:
Dungeon (3/15)

Altars:
Ashenzari


Innate Abilities, Weirdness & Mutations

You have hooves in place of feet.
Armour fits poorly on your strangely shaped body.
You cover ground very quickly.
You have extremely tough skin (AC +3).
Your vision is a little blurry.
Your mind is acute. (Int +2)
You are covered in fur (AC +1).


Message History

You feel sick.
You see here an arrow.
There is a shattered altar of Ashenzari here.
There are no items here.
Unknown command.
Drink which item? (? for menu, Esc to quit)
You feel refreshed.
Drink which item? (? for menu, Esc to quit)
You feel extremely strange.
You feel clever. Fur sprouts all over your body.
Your vision blurs.
* * * LOW HITPOINT WARNING * * *
You feel sick.
You swap places.
You see here an arrow.
There is an open door here.
You see here an arrow.
You see here an arrow.
There is an open door here.
You see here an arrow.
You die...

................
..............
........b#.#.####
.........#(.....#
###...........).#.#
#.....%....####....
#..)....)(.# #.#..
#(.###+###.####.###
#.@# #.# #.#....# #
##.###.###b#.#### #
#.((.b..+.#.# #
#.#######b..# #.#
### #..##
#.#######..#
#.........##
##......$.#
#...........#


There were no monsters in sight!

Vanquished Creatures
  An adder (D:2)
  An ooze (D:1)
  A ball python (D:3)
  7 bats
  4 hobgoblins
  4 quokkas
  2 giant cockroaches
  5 goblins
  5 kobolds
  3 rats (D:1)
33 creatures vanquished.

Notes
Turn   | Place    | Note
--------------------------------------------------------------
     0 | D:1      | Kashira, the Centaur Hunter, began the quest for the Orb.
     0 | D:1      | Reached XP level 1. HP: 16/16 MP: 1/1
   266 | D:1      | Reached XP level 2. HP: 23/23 MP: 2/2
   445 | D:1      | Reached skill level 6 in Bows
   751 | D:2      | Reached XP level 3. HP: 19/28 MP: 3/3
  1760 | D:3      | Found a shattered altar of Ashenzari.
  1776 | D:3      | Gained mutation: Your mind is acute. (Int +2) [potion of mutation]
  1776 | D:3      | Gained mutation: You are covered in fur (AC +1). [potion of mutation]
  1776 | D:3      | Gained mutation: Your vision is a little blurry. [potion of mutation]
  1777 | D:3      | HP: 1/28 [poisoned by a kobold]
  1783 | D:3      | Succumbed to a kobold's poison

Action                   || total
-------------------------++-------
Melee: Shortbow          ||    25
 Fire: Shortbow          ||    95
  Use: Scroll            ||     9
       Potion            ||     2
  Eat: Bread ration      ||     2
